 Dungeon Crawl Stone Soup version 0.28-b1-25-g9875b3fc8c (webtiles) character file.

Game seed: 14280792682645836614

62 crazypyro the Firebug (level 3, 0/24 HPs)
             Began as a Demonspawn Fire Elementalist on Feb 1, 2022.
             Slain by Grinder (1 damage)
             ... on level 3 of the Dungeon.
             The game lasted 00:04:42 (2599 turns).

crazypyro the Firebug (DsFE)                        Turns: 2599, Time: 00:04:42

Health: 0/24       AC:  3    Str:  8    XL:     3   Next: 85%
Magic:  0/6        EV: 16    Int: 18    God:
Gold:   74         SH:  0    Dex: 13    Spells: 4/7 levels left

rFire   + . .      SeeInvis .   c - staff of fire
rCold   . . .      Faith    .   (no shield)
rNeg    . . .      Spirit   .   a - +0 robe
rPois   .          Reflect  .   e - +0 helmet
rElec   .          Harm     .   (no cloak)
rCorr   .          Rampage  .   (no gloves)
Will    .....                   (no boots)
Stlth   ++........              (no amulet)
HPRegen 0.08/turn               i - +4 ring of evasion
MPRegen 0.10/turn               (no ring)

@: no status effects
A: demonic touch 1
a: no special abilities


You were on level 3 of the Dungeon.
You visited 1 branch of the dungeon, and saw 3 of its levels.

You collected 74 gold pieces.

Inventory:

Missiles
 k - 2 throwing nets
Armour
 a - a +0 robe (worn)
 e - a +0 helmet (worn)
Magical Staves
 c - a staff of fire (weapon)
Jewellery
 i - a +4 ring of evasion (left hand)
Scrolls
 l - a scroll of identify {unknown}
Potions
 b - 2 potions of invisibility {unknown}
 d - a potion of cancellation {unknown}
 f - a potion of mutation {unknown}
 g - 2 potions of curing {unknown}
 h - a potion of heal wounds {unknown}
 j - a potion of haste {unknown}
 m - a potion of berserk rage {unknown}
 n - a potion of attraction {unknown}


   Skills:
 + Level 2.1 Dodging
 - Level 1.8 Stealth
 + Level 2.5 Spellcasting
 + Level 2.0 Conjurations
 * Level 3.4 Fire Magic


You had 4 spell levels left.
You knew the following spells:

 Your Spells              Type           Power      Damage    Failure   Level
a - Foxfire               Conj/Fire      72%        2x1d7     5%          1
b - Scorch                Fire           42%        2d7       6%          2

Your spell library contained the following spells:

 Spells                   Type           Power      Damage    Failure   Level
 Magic Dart               Conj           36%        1d4       8%          1
 Searing Ray              Conj           18%        2d5       11%         2
 Conjure Flame            Conj/Fire      18%        6-21      17%         3
 Inner Flame              Hex/Fire       12%        N/A       26%         3
 Flame Wave               Conj/Fire      18%        2d6       50%         4
 Fulminant Prism          Conj/Hex       2%         3d6       75%         4


Dungeon Overview and Level Annotations

Branches:
Dungeon (3/15)

Altars:
The Shining One

Annotations:
D:3 Grinder


Innate Abilities, Weirdness & Mutations

Your touch may inflict minor irresistible damage on your foes.


Message History

Your foxfire dissipates! x2
Grinder is nearby!
You feel a surge of power!
You conjure some foxfire!
Grinder blinks!
Your foxfire dissipates!
Grinder is nearby!
You feel a surge of power!
You conjure some foxfire!
Grinder says, "Mostly I couldn't keep them alive."
The foxfire hits Grinder.
Grinder is heavily wounded.
The foxfire hits Grinder but does no damage.
Grinder is heavily wounded.
You hit Grinder but do no damage.
You touch Grinder.
Grinder is heavily wounded.
Grinder completely misses you.
You hit Grinder.
Grinder is heavily wounded.
Grinder gestures at you.
You barely resist. You hit Grinder. Your touch misses Grinder.
Grinder is heavily wounded.
Grinder gestures at you. Pain shoots through your body!
You feel a surge of power!
You conjure some foxfire!
Grinder closely misses you.
You closely miss Grinder. Your touch misses Grinder.
Grinder is heavily wounded.
The foxfire hits Grinder.
Grinder is severely wounded.
The foxfire hits Grinder.
Grinder is severely wounded.
Grinder hits you.
You writhe in agony.
Grinder barely misses you.
You barely miss Grinder.
Grinder is severely wounded.
Grinder hits you.
You hit Grinder.
Grinder is severely wounded.
Grinder hits you!
* * * LOW HITPOINT WARNING * * *
You writhe in agony.
You die...

#.# ..... ... ..... #.#
#...# # ... ....####
.#.# #.# #....... ....
#.# #....#
.#.#..#.####....###
......5@..........###
...#..#.#.##...........
#..#..§..............
.. ..................#
....§....##...#..#.....
#.
#..###.##...#.......# .
#.. #.##...#.......#
... #.##.#.#........
#.#.........#


You could see Grinder.

Vanquished Creatures
  An adder (D:2)
  3 worms (D:2)
  5 ball pythons
  6 endoplasms
  A giant cockroach (D:1)
  6 goblins
  3 hobgoblins (D:2)
  3 quokkas
  4 frilled lizards
  5 kobolds
  3 rats (D:2)
  A spectral kobold (D:1)
41 creatures vanquished.

Vanquished Creatures (others)
  141 foxfires
141 creatures vanquished.

Grand Total: 182 creatures vanquished

Notes
Turn   | Place    | Note
-------+----------+-------------------------------------------
     0 | D:1      | crazypyro the Demonspawn Fire Elementalist began the quest
                  | for the Orb.
     0 | D:1      | Reached XP level 1. HP: 13/13 MP: 3/3
   129 | D:1      | Found a faded altar of an unknown god.
   629 | D:1      | Gained mutation: Your touch may inflict minor irresistible
                  | damage on your foes. [demonic ancestry]
   629 | D:1      | Reached XP level 2. HP: 19/19 MP: 1/5
  1217 | D:2      | Reached skill level 3 in Fire Magic
  1495 | D:2      | Learned a level 2 spell: Scorch
  1531 | D:2      | Reached XP level 3. HP: 24/24 MP: 1/6
  2573 | D:3      | Noticed Grinder
  2599 | D:3      | HP: 1/24 [Grinder (8)]
  2599 | D:3      | Slain by Grinder

Illustrated notes

Levels and vault maps discovered:
D:1:      denvon_arrival_planthouse, layout_loops_cross,
          dreamdust_ecumenical_altar_drowned_temple, minmay_misc_feat_rows,
          chequers_serial_rivers_micro_b, bh_walls_and_bars
D:2:      layout_basic, basic_altar, grunt_ministairs_12
D:3:      layout_basic, portal_sewer_entry_a, minmay_unequal, uniq_grinder

Skill      XL: |  1  2  3 |
---------------+----------+-----
Fire Magic     | 3 |  3.4
Dodging        | 2 |  2.1
Conjurations   | 2 |  2.0
Stealth        | |  1.8
Spellcasting   | |  2.5

Action                   || total
-------------------------++-------
Melee: Staff             ||     7
       Touch             ||     1
 Cast: Foxfire           ||    86
Armor: Robe              ||     1
Dodge: Dodged            ||    23
